 Dungeon Crawl Stone Soup version 0.31.0-1-g2c135a0 (webtiles) character file.

Game seed: 9120154897438047343

129 bonegar the Sneak (level 5, -12/44 HPs)
             Began as a Naga Enchanter on Feb 3, 2024.
             Was an Initiate of Yredelemnul.
             Mangled by an ogre
             ... wielding a +0 giant club
              (24 damage)
             ... on level 3 of the Dungeon.
             The game lasted 00:23:26 (2465 turns).

bonegar the Sneak (Naga Enchanter)                  Turns: 2465, Time: 00:23:26

Health: -12/44     AC:  4    Str: 11    XL:     5   Next: 12%
Magic:  3/8        EV: 10    Int: 17    God:    Yredelemnul [......]
Gold:   120        SH:  0    Dex: 11    Spells: 6/8 levels left

rFire   . . .        a - +1 dagger
rCold   . . .        (no shield)
rNeg    . . .        b - +0 robe
rPois   +            (no helmet)
rElec   .            o - +0 cloak
rCorr   .            e - +0 pair of gloves
SInv    +            (no barding)
Will    .....        (no amulet)
Stlth   +++          (no ring)
HPRegen 0.27/turn    (no ring)
MPRegen 0.11/turn

%: no passive effects
@: invisible, very slow
A: AC +1, large, see invisible, deformed body, poison resistance, slowness 2,
spit poison 1, naga tail 1
a: Spit Poison, Renounce Religion, Recall Undead Harvest


You were on level 3 of the Dungeon.
You worshipped Yredelemnul.
Yredelemnul was noncommittal.
You visited 1 branch of the dungeon, and saw 4 of its levels.

You collected 120 gold pieces.

Inventory:

Hand Weapons
 a - a +1 dagger (weapon)
 k - a +2 sling of flaming
Missiles
 n - 25 stones
Armour
 b - a +0 robe (worn)
 e - a +0 pair of gloves (worn)
 o - a +0 cloak (worn)
Wands
 q - a wand of paralysis (2)
Scrolls
 g - a scroll of torment
 l - a scroll of enchant weapon
 m - 2 scrolls of summoning
 p - a scroll of identify
 r - a scroll of teleportation {unknown}
 s - a scroll of immolation {unknown}
 t - a scroll of vulnerability {unknown}
Potions
 c - a potion of invisibility
 f - a potion of brilliance
 h - a potion of resistance
 i - a potion of mutation {unknown}
 j - a potion of ambrosia {unknown}


   Skills:
 + Level 1.0 Fighting
 + Level 1.8 Short Blades
 + Level 1.1 Ranged Weapons
 + Level 2.0 Dodging
 + Level 5.7 Stealth
 + Level 2.3 Spellcasting
 + Level 3.6 Hexes
 + Level 0.4 Ice Magic


You had 6 spell levels left.
You knew the following spells:

 Your Spells              Type           Power      Damage    Failure   Level
a - Ensorcelled Hibernat  Hex/Ice        16%        N/A       12%         2

Your spell library contained the following spells:

 Spells                   Type           Power      Damage    Failure   Level
 Confusing Touch          Hex            14%        N/A       13%         3
 Tukima's Dance           Hex            14%        N/A       13%         3
 Shock                    Conj/Air       8%         1d3       19%         1
 Dazzling Flash           Conj/Hex       16%        N/A       26%         3
 Call Imp                 Summ           4%         N/A       28%         2
 Sublimation of Blood     Necr           2%         N/A       28%         2
 Swiftness                Air            2%         N/A       50%         3
 Dimensional Bullseye     Hex/Tloc       4%         N/A       65%         4
 Airstrike                Air            1%         2d(1-17)  88%         4
 Iskenderun's Mystic Bla  Conj/Tloc      2%         2d3       88%         4
 Summon Hydra             Summ           1%         N/A       100%        7


Dungeon Overview and Level Annotations

Branches:
Dungeon (4/15)
 Temple: D:4-7

Altars:
Nemelex Xobeh
Yredelemnul


Innate Abilities, Weirdness & Mutations

Your serpentine skin is tough. (AC +1)
You have supernaturally acute eyesight. (SInv)
Armour fits poorly on your strangely shaped body.
Your system is resistant to poisons. (rPois)
You cover ground very slowly.
You can spit poison.
You have a snake-like lower body.


Message History

* * * LOW HITPOINT WARNING * * *
You feel much better.
You hit the ogre.
The ogre is moderately wounded.
The ogre hits you with a +0 giant club! The ogre barely misses you.
The ogre attacks as it pursues you! The ogre hits you with a +0 giant club!
There is a stone staircase leading up here.
The ogre hits you with a +0 giant club.
You climb upwards.
There is a stone staircase leading down here.
You fade into invisibility!
You hit the ogre. You punch the ogre.
The ogre is moderately wounded.
The ogre closely misses you.
You hit the ogre.
The ogre is heavily wounded.
The ogre hits you with a +0 giant club!
* * * LOW HITPOINT WARNING * * *
You hit the ogre but do no damage.
The ogre is heavily wounded.
You hit the ogre.
The ogre is heavily wounded.
The ogre misses you.
You hit the ogre.
The ogre is severely wounded.
The ogre closely misses you.
You closely miss the ogre.
The ogre is severely wounded.
You barely miss the ogre.
The ogre is severely wounded.
The ogre misses you.
You hit the ogre but do no damage.
The ogre is severely wounded.
You hit the ogre.
The ogre is severely wounded.
The ogre hits you with a +0 giant club!!
Ouch! That really hurt!
You die...
Your body rises from the dead as a mindless zombie.

#.....#.#########.#
#.###.#........ ..# #### #######
#.# #.#.####### #.# #...
......###.###'#.# #######.####.##
####....#.#.....###.........##.##
#....#.#.......'..............
#....'.#....####.......#......
####....##.....####.........###.#
...#....##..P...@.'.......#......
##.##.#.##.....PO##.......#####.#
#.##.#.##.P~~P.♣....#.#.##...<..
#.##.#..#..~~...♣.#.#.#.##.#.#..
#.##.##..P~~~♣~...#.#.#.........
#.##.#...♣~♣~~~...#.#.#####.#[..
#.##.##.#.♣~~~♣~♣##'#...........
#..........~~~~♣............####
#..#.##..P...~~...........~.....


You could see an ogre (unable to see you).

Vanquished Creatures
  An iguana (D:3)
  A gnoll (D:1)
  3 adders
  3 dart slugs
  4 ball pythons
  4 endoplasms
  2 giant cockroaches
  4 goblins
  5 hobgoblins
  3 jackals (D:2)
  4 quokkas
  4 bats
  5 frilled lizards
  9 kobolds
  4 rats
56 creatures vanquished.

Vanquished Creatures (collateral kills)
  A bat (D:3)
  A rat (D:3)
2 creatures vanquished.

Vanquished Creatures (others)
  A ball python zombie (D:3)
  2 frilled lizard zombies (D:3)
  A kobold zombie (D:3)
  A rat zombie (D:3)
5 creatures vanquished.

Grand Total: 63 creatures vanquished

Notes
Turn   | Place    | Note
-------+----------+-------------------------------------------
     0 | D:1      | bonegar the Naga Enchanter began the quest for the Orb.
     0 | D:1      | Reached XP level 1. HP: 15/15 MP: 3/3
    83 | D:1      | Reached XP level 2. HP: 22/22 MP: 5/5
    86 | D:1      | Learned a level 2 spell: Ensorcelled Hibernation
   190 | D:1      | Found a faded altar of an unknown god.
   192 | D:1      | Reached skill level 5 in Stealth
   446 | D:1      | Reached XP level 3. HP: 26/28 MP: 6/6
  1046 | D:2      | Reached XP level 4. HP: 16/37 MP: 2/7
  1268 | D:2      | Found a basalt altar of Yredelemnul.
  1276 | D:2      | Became a worshipper of Yredelemnul the Dark
  1474 | D:2      | Reached * piety under Yredelemnul
  1967 | D:3      | Found a sparkling altar of Nemelex Xobeh.
  1989 | D:3      | Reached skill level 1 in Ranged Weapons
  2115 | D:3      | Reached XP level 5. HP: 32/43 MP: 8/8
  2167 | D:3      | Reached skill level 1 in Fighting
  2434 | D:4      | Noticed an ogre
  2465 | D:3      | Mangled by an ogre

Illustrated notes

Levels and vault maps discovered:
D:1:      spicycebolla_green_bress_n_ham_2, layout_loops_cross,
          basic_ecumenical_altar
D:2:      layout_loops_cross, basic_altar
D:3:      layout_basic, mainiacjoe_overflow_cross_hatched, serial_bayou,
          serial_bayou_pond_a, serial_bayou_lagoon_b, serial_bayou_pond_a,
          serial_bayou_pond_d
D:4:      layout_basic, serial_rivers, chequers_serial_rivers_room_a,
          chequers_serial_rivers_room_a, chequers_serial_rivers_room_b,
          chequers_serial_rivers_micro_a, gammafunk_ghost_split, uniq_menkaure

Skill      XL: |  1  2  3  4  5 |
---------------+----------------+-----
Stealth        | 5 |  5.7
Ranged Weapons | 1 |  1.1
Dodging        | 2 |  2.0
Fighting       | 1 |  1.0
Short Blades   | |  1.8
Spellcasting   | |  2.3
Hexes          | |  3.6
Ice Magic      | |  0.4

Action                     |  1- 3 |  4- 6 || total
---------------------------+-------+-------++-------
  Melee: Dagger            |   110 |    96 ||   206
         Punch             |     3 |     2 ||     5
   Fire: Sling             |       |    15 ||    15
   Cast: Ensorcelled Hiber |    10 |    11 ||    21
 Invoke: Recall Undead Har |       |     1 ||     1
    Use: Scroll            |     3 |     2 ||     5
         Potion            |     1 |     3 ||     4
   Stab: Sleeping          |    10 |     6 ||    16
         Distracted        |       |     2 ||     2
 Armour: Robe              |    70 |    74 ||   144
  Dodge: Dodged            |    55 |    85 ||   140
